 Dungeon Crawl Stone Soup version 0.26.1-2-gb8aa6d0cf2 (webtiles) character file.

Game seed: 6015694052248509841

71670 Amplified the Warrior (level 14, -2/205 HPs)
             Began as a Minotaur Brigand on Mar 13, 2021.
             Was the Champion of the Shining One.
             Slain by a six-headed hydra (5 damage)
             ... on level 12 of the Dungeon.
             The game lasted 00:33:04 (25924 turns).

Amplified the Warrior (Minotaur Brigand)           Turns: 25924, Time: 00:33:05

Health: -2/205     AC: 31    Str: 21    XL:     14   Next: 98%
Magic:  0/21       EV:  2    Int:  8    God:    the Shining One [******]
Gold:   1395       SH: 10    Dex: 12    Spells: 13/13 levels left

rFire    . . .     SeeInvis .   f - +3 dagger (venom)
rCold    . . .     Faith    .   (no shield)
rNeg     + + +     Spirit   +   (armour currently unavailable)
rPois    +         Reflect  .   (helmet currently unavailable)
rElec    .         Harm     .   (cloak currently unavailable)
rCorr    .         Rampage  .   (gloves currently unavailable)
Will     +....     NoTele   +   (boots currently unavailable)
Stlth    +.........             y - amulet of guardian spirit
HPRegen  0.44/turn              i - +4 ring of protection
MPRegen  0.17/turn              (no ring)

@: divine shield, tree-form, glowing
A: (retaliatory headbutt)
a: Renounce Religion, Divine Shield, Cleansing Flame, Summon Divine Warrior


You were on level 12 of the Dungeon.
You worshipped the Shining One.
The Shining One was exalted by your worship.
You were a tree.
You visited 3 branches of the dungeon, and saw 20 of its levels.
You also visited: Sewer and Gauntlet.

You collected 1815 gold pieces.
You spent 420 gold pieces at shops.

Inventory:

Hand Weapons
 f - a +3 dagger of venom (weapon)
 u - a +2 war axe of electrocution
 x - a +8 broad axe of holy wrath
Missiles
 d - 140 poisoned darts (quivered)
 g - 12 boomerangs
 Q - 12 silver javelins
Armour
 e - a +0 chain mail of fire resistance
 s - the +4 scale mail of Vikhie (melded) {Rampage rF+ rN+ Dex-2}
   (You found it on level 2 of the Lair of Beasts)

   It affects your dexterity (-2).
   It protects you from fire.
   It protects you from negative energy.
   It bestows one free step when moving towards enemies.
 t - a +1 pair of gloves (melded)
 z - a scarf of repulsion (melded)
 A - the +3 hat of Pondering {ponderous, Will+ MP+10 Int+5}
   (You took it off Gastronok on level 1 of the Lair of Beasts)

   It affects your intelligence (+5).
   It affects your willpower, your defense against some magical effects.
   It affects your magic capacity (+10).
 H - the +0 pair of boots "Agejyco" (melded) {rC+}
   (You found it on level 9 of the Dungeon)

   It protects you from cold.
 P - a +2 chain mail of fire resistance
Jewellery
 b - a +4 ring of protection
 i - a +4 ring of protection (left branch)
 r - an uncursed ring of protection from fire
 y - an amulet of guardian spirit (around neck)
 G - an uncursed ring of wizardry
 L - an uncursed ring of flight
 M - an uncursed ring of resist corrosion
 N - an uncursed ring of protection from cold
Wands
 B - a wand of polymorph (31)
 C - a wand of enslavement (6)
 K - a wand of iceblast (10)
 R - a wand of paralysis (1)
 U - a wand of digging (2)
 V - a wand of flame (30)
Scrolls
 h - 5 scrolls of identify
 j - 10 scrolls of remove curse
 m - 2 scrolls of amnesia
 p - 2 scrolls of immolation
 q - 6 scrolls of teleportation
 v - 3 scrolls of fog
 E - a scroll of magic mapping
 J - 2 scrolls of brand weapon
Potions
 c - 2 potions of attraction
 l - 3 potions of ambrosia
 n - 5 potions of flight
 o - 2 potions of cancellation
 w - 3 potions of mutation
 D - 3 potions of brilliance
 F - a potion of magic
 I - 2 potions of lignification


   Skills:
 * Level 16.2 Fighting
 - Level 10.0 Short Blades
 * Level 12.4 Axes
 - Level 2.0 Throwing
 * Level 14.6 Armour
 - Level 8.4 Dodging
 - Level 3.2 Stealth
 * Level 11.0 Invocations


You had 13 spell levels left.
You didn't know any spells.
Your spell library contained the following spells:

 Spells                   Type           Power        Failure   Level
 Corona                   Hex            0%           41%         1
 Magic Dart               Conj           0%           41%         1
 Summon Small Mammal      Summ           0%           41%         1
 Call Imp                 Summ           0%           54%         2
 Ensorcelled Hibernation  Hex/Ice        0%           54%         2
 Searing Ray              Conj           0%           54%         2
 Call Canine Familiar     Summ           0%           78%         3
 Confusing Touch          Hex            0%           78%         3
 Dazzling Flash           Conj/Hex       0%           78%         3
 Gell's Gravitas          Tloc           0%           78%         3
 Summon Guardian Golem    Hex/Summ       0%           78%         3
 Tukima's Dance           Hex            0%           78%         3
 Fulminant Prism          Conj/Hex       0%           99%         4
 Ice Form                 Ice/Tmut       0%           99%         4
 Iskenderun's Mystic Bla  Conj/Tloc      0%           99%         4
 Petrify                  Tmut/Erth      0%           99%         4
 Summon Ice Beast         Ice/Summ       0%           99%         4
 Summon Lightning Spire   Summ/Air       0%           99%         4
 Metabolic Englaciation   Hex/Ice        0%           100%        5
 Yara's Violent Unravell  Hex/Tmut       0%           100%        5
 Freezing Cloud           Conj/Ice/Air   0%           100%        6
 Ozocubu's Refrigeration  Ice            0%           100%        6
 Simulacrum               Ice/Necr       0%           100%        6


Dungeon Overview and Level Annotations

Branches:
Dungeon (13/15)            Temple (1/1) D:4            Lair (6/6) D:9
  Swamp (0/4) Lair:3       Spider (0/4) Lair:4        Slime (0/5) Lair:6
    Orc (0/2) D:12          Sewer (visited)         Gauntlet (visited)
 Vaults: D:13-14

Altars:
Ashenzari
Cheibriados
Dithmenos
Elyvilon
Fedhas
Gozag
Hepliaklqana
Kikubaaqudgha
Makhleb
Nemelex Xobeh
Okawaru
Qazlal
Ru
Sif Muna
Trog
Uskayaw
Vehumet
Wu Jian
Xom
Yredelemnul
Zin
The Shining One

Shops:
D:7 *   D:10 :

Annotations:
D:4 Grinder
D:7 Broad Axe of Pain when Piety(Max)
D:11 Fannar
Lair:3 1 runed translucent door, sipior's ghost, journeyman FoFi
Lair:4 exclusion: oklob plant


Innate Abilities, Weirdness & Mutations

((You reflexively headbutt those who attack you in melee.))
((You have a pair of horns on your head.))


Message History

The kobold shouts!
The storm dragon bites you!
* * * LOW HITPOINT WARNING * * *
The storm dragon claws you.
* * * LOW HITPOINT WARNING * * *
The storm dragon tramples you but does no damage.
You block the six-headed hydra's attack. x2
The six-headed hydra bites you but does no damage. x4
Unknown command.
Unknown command.
Aiming: Enslavement
Press: ? - help, Shift-Dir - straight line, f/p - six-headed hydra
Aim: a six-headed hydra (lightly wounded, very poisoned, haloed, chance to affect: 15%)
The six-headed hydra resists with almost no effort.
The kobold shouts!
You hear a shout!
The storm dragon bites you but does no damage.
The storm dragon claws you but does no damage.
The storm dragon tramples you but does no damage.
The six-headed hydra bites you.
You die...

....###..#.#...>######
.#[## #.......### .#[#
##.....##
...#######..###
..#.......#.#.##
K.#.#####.#^.#>##
K.#.##......###.#
..#.##.##.#K.#.### .
K......##...K.KD♣#..
.......[....#####D....#
.......###.).# ....8....
...##### #)###........!.
...#######.)............
..#
.........###..8....>....
#.## ....####.#
##........... #..#
....####.# #..........
...# ......##.# .....8 #
#..#


You could see a storm dragon, a six-headed hydra (very poisoned), a big kobold
and 2 kobolds.

Vanquished Creatures
  Gastronok (Lair:1)
  The ghost of lasso the Destroyer, a journeyman GnCj of Gozag (Lair:5)
  A green death (Gauntlet)
  An ice dragon (Lair:4)
  10 hydras
  A catoblepas (Lair:3)
  A merfolk avatar (Lair:6)
  3 death yaks
  2 two-headed ogres (D:12)
  3 death scarabs (Gauntlet)
  2 queen ants
  A spectral death yak (Gauntlet)
  A sea snake (Lair:6)
  2 unseen horrors
  Pikel (D:8)
  A lindwurm (Lair:6)
  An orc knight (D:10)
  A harpy (Lair:6)
  2 cyclopes (D:12)
  Maurice (D:8)
  3 manticores
  25 elephants
  Psyche (D:8)
  3 torpor snails
  2 centaur skeletons
  A gargoyle (D:10)
  6 black mambas
  10 cane toads
  5 rime drakes
  7 komodo dragons
  8 polar bears
  2 trolls (D:11)
  A wind drake (Lair:6)
  4 hornets
  3 slime creatures (D:12)
  4 dream sheep
  A spectral dream sheep (Gauntlet)
  21 blink frogs
  A spectral black mamba (Gauntlet)
  2 wraiths
  9 wyverns
  A basilisk (Lair:2)
  39 yaks
  A steam dragon (D:9)
  An acid dragon (D:12)
  2 spectral cane toads (Gauntlet)
  8 soldier ants
  A swamp worm (Lair:3)
  16 water moccasins
  10 orc warriors
  6 black bears
  3 sky beasts
  Purgy (Sewer)
  4 ice beasts
  4 ogres
  A necrophage (D:9)
  3 phantoms
  3 wolves (Lair:4)
  7 centaurs
  A lemure (D:8)
  14 bullfrogs
  2 gnoll sergeants
  3 scorpions
  2 water moccasin skeletons
  11 killer bees (D:7)
  3 howler monkeys
  15 wights
  A centaur zombie (D:6)
  A quasit (D:9)
  A bullfrog zombie (D:7)
  15 jellies
  4 orc priests
  6 hounds
  2 bullfrog skeletons
  14 orc wizards
  6 iguanas
  34 worker ants
  Natasha (twice) (D:2)
  17 hell rats
  3 hound skeletons
  A worker ant zombie (D:9)
  Robin (D:2)
  9 gnolls
  7 adders
  2 howler monkey skeletons
  5 shadow imps
  5 white imps
  3 ufetubi
  2 oozes (Lair:6)
  An adder skeleton (D:7)
  3 worms
  A dart slug (D:3)
  6 leopard geckos
  46 orcs
  2 ball pythons
  15 giant cockroaches
  11 goblins
  22 hobgoblins
  13 jackals
  5 quokkas
  9 bats
  8 frilled lizards
  17 kobolds
  9 rats
627 creatures vanquished.

Vanquished Creatures (collateral kills)
  A minotaur (Gauntlet)
1 creature vanquished.

Vanquished Creatures (others)
  A wyvern (Lair:3)
  2 kobolds (D:12)
  A demonic plant (Gauntlet)
  96 fungi
  179 plants
279 creatures vanquished.

Grand Total: 907 creatures vanquished

Notes
Turn   | Place    | Note
-------+----------+-------------------------------------------
     0 | D:1      | Amplified the Minotaur Brigand began the quest for the Orb.
     0 | D:1      | Reached XP level 1. HP: 18/18 MP: 0/0
   268 | D:1      | Reached skill level 1 in Armour
   293 | D:1      | Reached XP level 2. HP: 25/25 MP: 1/1
   399 | D:1      | Reached skill level 3 in Fighting
   404 | D:1      | Reached skill level 1 in Axes
   947 | D:2      | Reached XP level 3. HP: 31/31 MP: 2/2
  1082 | D:2      | Noticed Robin
  1110 | D:2      | Reached XP level 4. HP: 16/38 MP: 3/3
  1112 | D:2      | Killed Robin
  1461 | D:2      | Noticed Natasha
  1465 | D:2      | Killed Natasha
  1550 | D:2      | Reached skill level 4 in Fighting
  1598 | D:2      | Found a radiant altar of Vehumet.
  1657 | D:2      | Noticed Natasha
  1662 | D:2      | Killed Natasha
  1663 | D:2      | Reached XP level 5. HP: 46/46 MP: 4/4
  2408 | D:3      | Found an opulent altar of Gozag.
  3103 | D:4      | Found a staircase to the Ecumenical Temple.
  3123 | D:4      | Reached XP level 6. HP: 47/55 MP: 5/5
  3148 | Temple   | Entered the Ecumenical Temple
  3444 | Temple   | Became a worshipper of the Shining One
  3511 | D:4      | Reached skill level 5 in Fighting
  3707 | D:4      | Found a glowing silver altar of Zin.
  3707 | D:4      | Noticed Grinder
  3899 | D:4      | Reached XP level 7. HP: 54/62 MP: 6/6
  4273 | D:5      | Entered Level 5 of the Dungeon
  4412 | D:5      | Found a sparkling altar of Nemelex Xobeh.
  4451 | D:5      | Found a shimmering blue altar of Sif Muna.
  4705 | D:5      | Reached * piety under the Shining One
  4715 | D:6      | Reached skill level 6 in Fighting
  4802 | D:6      | Reached skill level 5 in Short Blades
  4985 | D:6      | Found a glowing drain.
  5012 | Sewer    | Entered a sewer
  5127 | Sewer    | Noticed Purgy
  5134 | Sewer    | Killed Purgy
  5557 | D:6      | Reached XP level 8. HP: 62/71 MP: 7/7
  5940 | D:5      | Reached skill level 7 in Fighting
  6524 | D:7      | Reached skill level 5 in Armour
  6563 | D:7      | Reached skill level 8 in Fighting
  6569 | D:7      | Reached skill level 5 in Dodging
  6757 | D:7      | Reached XP level 9. HP: 53/82 MP: 8/8
  6994 | D:7      | Found Buviydun's General Store.
  7002 | D:7      | Bought a potion of curing for 45 gold pieces
  7002 | D:7      | Bought a potion of heal wounds for 75 gold pieces
  7002 | D:7      | Bought a scroll of teleportation for 45 gold pieces
  7041 | D:7      | Found a bloodstained altar of Trog.
  7054 | D:7      | Found a sacrificial altar of Ru.
  7139 | D:7      | Reached skill level 9 in Fighting
  7559 | D:7      | Found a faded altar of an unknown god.
  7559 | D:7      | Found a shimmering altar of Xom.
  7567 | D:7      | Found a snail-covered altar of Cheibriados.
  7569 | D:7      | Found an iron altar of Okawaru.
  7571 | D:7      | Found a faded altar of an unknown god.
  7644 | D:8      | Noticed Maurice
  7736 | D:8      | Found a stormy altar of Qazlal.
  7759 | D:8      | Noticed Pikel
  7777 | D:8      | Killed Pikel
  7829 | D:8      | Killed Maurice
  7830 | D:8      | Reached skill level 10 in Fighting
  8130 | D:8      | Found a white marble altar of Elyvilon.
  8147 | D:8      | Reached XP level 10. HP: 93/93 MP: 9/9
  8166 | D:8      | Paralysed by an orc for 3 turns
  8492 | D:8      | Reached ** piety under the Shining One
  8514 | D:8      | Noticed Psyche
  8540 | D:8      | Killed Psyche
  8738 | D:7      | Bought a +1 broad axe of pain for 255 gold pieces
  9278 | D:9      | Reached skill level 11 in Fighting
  9471 | D:9      | Got a pair of distressingly furry boots
  9477 | D:9      | Identified the +0 pair of boots "Agejyco" {rC+} (You found
                  | it on level 9 of the Dungeon)
  9498 | D:9      | Reached skill level 10 in Short Blades
  9762 | D:9      | Reached skill level 1 in Invocations
  9786 | D:9      | Reached *** piety under the Shining One
  9910 | D:9      | Reached XP level 11. HP: 62/103 MP: 11/11
 10064 | D:9      | Found a staircase to the Lair.
 10516 | D:9      | Identified a scroll of acquirement
 10518 | D:9      | Acquired 325 gold pieces
 10532 | D:10     | Entered Level 10 of the Dungeon
 10705 | D:10     | Found Wophunor's Book Emporium.
 11074 | D:10     | Reached **** piety under the Shining One
 11161 | D:10     | Reached skill level 12 in Fighting
 11782 | D:10     | Noticed an orc knight
 11803 | D:10     | Killed an orc knight
 12613 | D:11     | Found a blossoming altar of Fedhas.
 13297 | D:11     | Noticed Fannar
 13399 | D:11     | Noticed an unseen horror
 13419 | D:11     | Killed an unseen horror
 13564 | D:11     | Reached skill level 5 in Invocations
 13743 | D:12     | Reached skill level 10 in Armour
 13859 | D:12     | Noticed a two-headed ogre
 13878 | D:12     | Killed a two-headed ogre
 13879 | D:12     | Reached skill level 5 in Axes
 14293 | D:12     | Noticed a two-headed ogre
 14309 | D:12     | Killed a two-headed ogre
 14454 | D:12     | Reached XP level 12. HP: 93/113 MP: 15/15
 14577 | D:12     | Found a staircase to the Orcish Mines.
 14808 | D:12     | Noticed a boulder beetle
 14816 | D:12     | Noticed a storm dragon
 14816 | D:12     | a boulder beetle changed into a storm dragon
 14864 | D:12     | Reached skill level 13 in Fighting
 14930 | Lair:1   | Entered Level 1 of the Lair of Beasts
 15202 | Lair:1   | Noticed an eight-headed hydra
 15218 | Lair:1   | Killed an eight-headed hydra
 15623 | Lair:1   | Noticed Gastronok
 15641 | Lair:1   | Killed Gastronok
 16076 | Lair:2   | Noticed a death yak
 16219 | Lair:2   | Noticed a queen ant
 16239 | Lair:2   | Killed a queen ant
 16606 | Lair:2   | Got a pitted scale mail
 16617 | Lair:2   | Identified the +4 scale mail of Vikhie {Rampage rF+ rN+
                  | Dex-2} (You found it on level 2 of the Lair of Beasts)
 16663 | Lair:2   | Got a slimy rapier
 16664 | Lair:2   | Identified the +1 rapier "Jockal" {speed, *Slow Will++
                  | Dex+10 Stlth-} (You found it on level 2 of the Lair of
                  | Beasts)
 16833 | Lair:2   | Noticed a death yak
 16853 | Lair:2   | Killed a death yak
 16862 | Lair:2   | Killed a death yak
 17340 | Lair:3   | Found a runed translucent door.
 17354 | Lair:3   | Noticed sipior's ghost (journeyman FoFi)
 17621 | Lair:3   | Noticed a death yak
 17621 | Lair:3   | Reached ***** piety under the Shining One
 17644 | Lair:3   | Noticed a six-headed hydra
 17659 | Lair:3   | Killed a six-headed hydra
 17660 | Lair:3   | Reached skill level 14 in Fighting
 17757 | Lair:3   | Reached XP level 13. HP: 124/124 MP: 17/17
 18670 | Lair:3   | Found a staircase to the Swamp.
 19440 | Lair:4   | Found a hole to the Spider Nest.
 19476 | Lair:4   | Reached skill level 10 in Axes
 20115 | Lair:5   | Found a large runed translucent door.
 20115 | Lair:5   | Found a large runed translucent door.
 20118 | Lair:5   | Noticed lasso's ghost (journeyman GnCj)
 20200 | Lair:5   | Found a gate leading to a gauntlet.
 20276 | Gauntlet | Entered a Gauntlet
 20276 | Gauntlet | Found a transporter.
 20359 | Gauntlet | Found a transporter.
 20362 | Gauntlet | Found a transporter.
 20363 | Gauntlet | Found a transporter.
 20367 | Gauntlet | Found a runed translucent door.
 20369 | Gauntlet | Found a runed translucent door.
 20371 | Gauntlet | Found a transporter.
 20374 | Gauntlet | Found a transporter.
 20375 | Gauntlet | Found a transporter.
 20385 | Gauntlet | Found a transporter.
 20387 | Gauntlet | Found a transporter.
 20388 | Gauntlet | Found a transporter.
 20391 | Gauntlet | Noticed a green death
 20400 | Gauntlet | Found a transporter.
 20400 | Gauntlet | Found a transporter.
 20401 | Gauntlet | Found a transporter.
 20410 | Gauntlet | Found a transporter.
 20512 | Gauntlet | Reached skill level 15 in Fighting
 20692 | Gauntlet | Killed a green death
 20892 | Gauntlet | Reached XP level 14. HP: 134/135 MP: 12/20
 21958 | Lair:5   | Killed lasso's ghost
 21959 | Lair:5   | Reached skill level 10 in Invocations
 21995 | Lair:6   | Entered Level 6 of the Lair of Beasts
 22957 | Lair:6   | Found a staircase to the Slime Pits.
 23513 | Lair:6   | Reached skill level 16 in Fighting
 23994 | Lair:6   | Got a warped brass ring
 24030 | Lair:6   | Identified the ring "Sineddio" {+Fly rN+ Str+3 Int-5} (You
                  | found it on level 6 of the Lair of Beasts)
 24135 | Lair:6   | Reached ****** piety under the Shining One
 24143 | Lair:6   | Identified a +8 broad axe of holy wrath (a +6 broad axe of
                  | pain blessed by the Shining One)
 24143 | Lair:6   | Received a gift from the Shining One
 24146 | Lair:6   | Paralysed by a hornet for 2 turns
 25918 | D:12     | HP: 9/205 [six-headed hydra (6)]
 25918 | D:12     | HP: 3/205 [six-headed hydra (6)]
 25918 | D:12     | The Shining One protects you from harm!
 25923 | D:12     | HP: 6/205 [storm dragon (8)]
 25923 | D:12     | HP: 2/205 [storm dragon (4)]
 25924 | D:12     | Slain by a six-headed hydra

Illustrated notes

Levels and vault maps discovered:
D:1:      dpeg_arrival_shrine, layout_basic
D:2:      layout_basic, nicolae_overflow_crystal_walls, uniq_robin, uniq_natasha
D:3:      kennysheep_big_flooded_room, layout_basic, lemuel_round_altar
D:4:      layout_loops_corners, nicolae_overflow_hidden_temple,
          minmay_temple_entry_gardened_gates, uniq_grinder
D:5:      layout_basic, lemuel_doored_altar, lemuel_round_altar,
          minmay_misc_feat_secret_circle
D:6:      layout_basic, gup_sewer_entry_pipe
D:7:      layout_cave_pools, nicolae_ru_great_annihilating_truth,
          chequers_temple_overflow_minitemple, serial_shops, nicolae_shop_stone,
          basic_altar
D:8:      layout_rooms, nicolae_qazlal_general_emergency, old_standard_altar,
          uniq_maurice, uniq_psyche, uniq_pikel
D:9:      layout_loops_ring, due_lair_maze_entry_diamond
D:10:     cheibrodos_orc_bank, layout_long_grid, serial_shops, shop,
          minivault_1, minmay_misc_feat_tiny, chequers_serial_rivers_marsh
D:11:     layout_basic, basic_altar, uniq_fannar
D:12:     layout_loops_cross, david_orc_2
D:13:     layout_loops_cross, erik_vaults_2, kennysheep_generic_room_5
Temple:   minmay_temple_curvy_loop
Lair:1:   layout_small_grid, uniq_gastronok
Lair:2:   layout_regular_city, serial_bayou_lagoon_a, minmay_another_anthill
Lair:3:   layout_misc_corridors, palyth_hydra_swamp_entry,
          hellmonk_ghost_happy_afterlife
Lair:4:   layout_roguey, spider_nest_entry_a, bobbens_ice_dragon_lair,
          minmay_lair_oklob_chamber, serial_bayou_shore_a
Lair:5:   layout_regular_city, gauntlet_entry_generic,
          ebering_ghost_disaster_area
Lair:6:   gammafunk_lair_ancient_temple, layout_gridlike,
          minmay_slime_entry_jelly_boxes, chequers_serial_rivers_small_a,
          hangedman_lair_generics_rect, infiniplex_staircase_pool_2

Skill      XL: |  1  2  3  4  5  6  7  8  9 10 11 12 13 14 |
---------------+-------------------------------------------+-----
Armour         | 1 2 3 4 5 6 8 10 11 13 14 | 14.6
Fighting       | 3 4 5 6 8 10 11 12 14 15 16 | 16.2
Axes           | 1 2 5 8 10 12 | 12.4
Dodging        | 2 3 4 5 6 7 8 |  8.4
Short Blades   | 3 4 5 7 9 10 | 10.0
Invocations    | 2 5 7 9 11 | 11.0
Throwing       | |  2.0
Stealth        | |  3.2

Action                   |  1- 3 |  4- 6 |  7- 9 | 10-12 | 13-15 || total
-------------------------+-------+-------+-------+-------+-------++-------
Melee: Dagger            |    11 |   145 |   387 |   965 |    91 ||  1599
       Headbutt          |    10 |    22 |    77 |   258 |   157 ||   524
       Hand axe          |    78 |     5 |       |       |       ||    83
       War axe           |       |       |       |   174 |   549 ||   723
       Broad axe         |       |       |       |       |    87 ||    87
Throw: Dart              |       |     2 |     4 |     4 |     1 ||    11
Invok: Divine Shield     |       |       |       |     2 |     1 ||     3
       Cleansing Flame   |       |       |       |       |     5 ||     5
       Summon Divine War |       |       |       |       |     2 ||     2
       Brand Weapon With |       |       |       |       |     1 ||     1
Evoke: Wand              |       |       |       |    10 |    15 ||    25
  Use: Scroll            |     4 |     5 |     8 |    22 |    19 ||    58
       Potion            |     2 |       |     2 |     8 |    10 ||    22
 Stab: Sleeping          |     2 |       |       |       |       ||     2
Armor: Scale mail        |    39 |    43 |   158 |   163 |   552 ||   955
       Chain mail        |       |       |       |   192 |       ||   192
       Skin              |       |       |       |       |    63 ||    63
Dodge: Dodged            |    53 |    63 |   161 |   480 |   589 ||  1346
       Repelled          |       |       |       |     7 |     8 ||    15
Block: Other             |       |       |       |     6 |    10 ||    16
